 Dungeon Crawl Stone Soup version 0.28.0-43-g3370ac3207 (webtiles) character file.

Game seed: 4719780957215701578

42 issech the Cudgeller (level 3, -6/36 HPs)
             Began as a Troll Monk on Mar 23, 2022.
             Mangled by Terence
             ... wielding a +0 morningstar
              (14 damage)
             ... on level 2 of the Dungeon.
             The game lasted 00:04:42 (1166 turns).

issech the Cudgeller (Troll Monk)                   Turns: 1166, Time: 00:04:43

Health: -6/36      AC:  4    Str: 19    XL:     3   Next: 35%
Magic:  2/2        EV: 10    Int: 12    God:
Gold:   73         SH:  0    Dex: 14    Spells: 2/2 levels left

rFire   . . .      SeeInvis .   a - +0 mace
rCold   . . .      Faith    .   (no shield)
rNeg    . . .      Spirit   .   b - +0 robe
rPois   .          Reflect  .   (helmet restricted)
rElec   .          Harm     .   (no cloak)
rCorr   .          Rampage  .   (gloves unavailable)
Will    .....                   (boots unavailable)
Stlth   ++........              (no amulet)
HPRegen 0.92/turn               l - +6 ring of intelligence
MPRegen 0.08/turn               (no ring)

@: no status effects
A: large, unfitting armour, claws 3, regeneration 1, shaggy fur 1, tough skin 1
a: no special abilities


You were on level 2 of the Dungeon.
You visited 1 branch of the dungeon, and saw 2 of its levels.

You collected 73 gold pieces.

Inventory:

Hand Weapons
 a - a +0 mace (weapon)
Missiles
 d - 38 arrows
 e - 25 bolts
 g - 74 stones (quivered)
 h - 5 datura-tipped darts
Armour
 b - a +0 robe (worn)
Jewellery
 l - a +6 ring of intelligence (left claw)
Scrolls
 f - a scroll of identify {unknown}
 i - a scroll of holy word {unknown}
 j - a scroll of fear {unknown}
 m - a scroll of enchant armour {unknown}
 n - a scroll of teleportation {unknown}
 o - a scroll of amnesia {unknown}
 p - a scroll of brand weapon {unknown}
Potions
 c - 2 potions of might {unknown}
 k - a potion of heal wounds {unknown}


   Skills:
 + Level 2.8 Fighting
 + Level 3.2 Maces & Flails
 + Level 2.8 Dodging
 + Level 1.1 Stealth


You had 2 spell levels left.
You didn't know any spells.
Your spell library contained the following spells:

 Spells                   Type           Power      Damage    Failure   Level
 Blink                    Tloc           0%         N/A       45%         2
 Dazzling Flash           Conj/Hex       0%         N/A       69%         3
 Lesser Beckoning         Tloc           0%         N/A       69%         3
 Stone Arrow              Conj/Erth      0%         3d7       69%         3
 Animate Armour           Summ/Erth      0%         N/A       97%         4
 Agony                    Necr           0%         N/A       100%        5
 Manifold Assault         Tloc           0%         N/A       100%        5
 Silence                  Hex/Air        0%         N/A       100%        5
 Storm Form               Tmut/Air       0%         N/A       100%        7
 Lehudib's Crystal Spear  Conj/Erth      0%         10d2      100%        8


Dungeon Overview and Level Annotations

Branches:
Dungeon (2/15)

Altars:

Annotations:
D:2 Terence


Innate Abilities, Weirdness & Mutations

You are too large for most types of armour.
You have claws for hands.
Your natural rate of healing is unusually fast.
You are covered in fur. (AC +1)
You have tough skin. (AC +1)


Message History

You kill the kobold!
g - 74 stones (gained 5)
Things that are here:
a +0 short sword; a bat corpse
Things that are here:
a +0 short sword; a bat corpse Terence the Incautious comes into view.
He is wielding a +0 morningstar.
Terence shouts!
Terence asks, "Do you want it fast or slow?"
Terence hits you with a +0 morningstar!
You hit Terence.
Terence is moderately wounded.
Terence misses you.
You hit Terence.
Terence is moderately wounded.
Terence barely misses you. Terence hits you with a +0 morningstar!
You hit Terence. You claw Terence.
Terence is heavily wounded.
Terence barely misses you.
You hit Terence but do no damage.
Terence is heavily wounded.
Terence hits you with a +0 morningstar!
* * * LOW HITPOINT WARNING * * *
You hit Terence.
Terence is severely wounded.
Terence closely misses you.
You hit Terence but do no damage.
Terence is severely wounded.
Terence hits you but does no damage. Terence barely misses you.
You hit Terence but do no damage.
Terence is severely wounded.
Terence barely misses you.
You barely miss Terence.
Terence is severely wounded.
Terence completely misses you.
Unknown command.
You hit Terence but do no damage.
Terence is severely wounded.
Terence hits you with a +0 morningstar!
You die...

.. #.......... # ##.
##......... ##. #..
##........ ...### #.#
##....... #.....##.#
##...... #........##
####''# ..........#####
#....# ...........)..#
#.....
......@@.####.#####.....
#........# #............
#........# #.######.....
#.....[..# #.# #.....
########## #.# #.....
..# #..... ### ######


You could see Terence.

Vanquished Creatures
  6 endoplasms (D:1)
  2 giant cockroaches
  4 goblins
  7 hobgoblins
  5 kobolds
  A ball python (D:2)
  5 bats
  7 frilled lizards
  4 rats
41 creatures vanquished.

Notes
Turn   | Place    | Note
-------+----------+-------------------------------------------
     0 | D:1      | issech the Troll Monk began the quest for the Orb.
     0 | D:1      | Reached XP level 1. HP: 22/22 MP: 0/0
   222 | D:1      | Reached XP level 2. HP: 29/29 MP: 1/1
   249 | D:1      | Reached skill level 3 in Maces & Flails
   659 | D:1      | Reached XP level 3. HP: 36/36 MP: 2/2
  1153 | D:2      | Noticed Terence
  1166 | D:2      | Mangled by Terence

Illustrated notes

Levels and vault maps discovered:
D:1:      heliophobic_arrival_glass_houses, layout_loops_ring,
          minmay_misc_feat_plants, chequers_arboretum
D:2:      kennysheep_big_flooded_room, layout_rooms,
          shapermc_ecumenical_altar_petra, patterned_corridor, uniq_terence

Skill      XL: |  1  2 |
---------------+-------+-----
Maces & Flails | 3 |  3.2
Fighting       | |  2.8
Dodging        | |  2.8
Stealth        | |  1.1

Action                   || total
-------------------------++-------
Melee: Mace              ||   136
       Punch             ||     2
 Stab: Sleeping          ||     1
Armor: Robe              ||    65
Dodge: Dodged            ||   104
